 Dungeon Crawl Stone Soup version 0.32-a0-391-gce5c0aab1b (webtiles) character file.

Game seed: 8335408581831616334

1443 Zeldest the Cleaver (level 8, -6/105 HPs)
             Began as a Mountain Dwarf Fighter on Feb 20, 2024.
             Blown up by Pikel (16 damage)
             ... with a mindburst bolt
             ... on level 5 of the Dungeon.
             The game lasted 00:05:25 (4174 turns).

Zeldest the Cleaver (Mountain Dwarf Fighter)        Turns: 4174, Time: 00:05:25

Health: -6/105     AC: 24    Str: 21    XL:     8   Next: 46%
Magic:  8/8        EV:  2    Int:  9    God:
Gold:   182        SH:  5    Dex:  9    Spells: 7/7 levels left

rFire   . . .        a - +0 war axe
rCold   . . .        c - +0 buckler
rNeg    . . .        i - melded +0 chain mail
rPois   +            (helmet currently unavailable)
rElec   .            p - melded +0 cloak
rCorr   .            (gloves currently unavailable)
SInv    .            (boots currently unavailable)
Will    .....        (no amulet)
Stlth   +            (no ring)
HPRegen 0.37/turn    (no ring)
MPRegen 0.11/turn

%: no passive effects
@: tree-form, hasted, very quick
A: stationary, stasis, torment immunity, boosted hp, runic magic, artefact
enchanting
a: no special abilities


You were on level 5 of the Dungeon.
You were a tree.
You visited 2 branches of the dungeon, and saw 6 of its levels.
You also visited: Ossuary.

You collected 182 gold pieces.

Inventory:

Hand Weapons
 a - a +0 war axe (weapon)
Missiles
 o - a throwing net (quivered)
Armour
 b - a +0 scale mail
 c - a +0 buckler (worn)
 i - a +0 chain mail (melded)
 p - a +0 cloak (melded)
Scrolls
 e - a scroll of teleportation {unknown}
 g - a scroll of identify
 l - 2 scrolls of blinking {unknown}
 m - a scroll of poison {unknown}
 q - a scroll of enchant armour {unknown}
 r - a scroll of noise {unknown}
Potions
 d - a potion of enlightenment
 f - a potion of brilliance
 j - a potion of haste
 n - a potion of mutation {unknown}
 s - 3 potions of resistance {unknown}


   Skills:
 + Level 6.1 Fighting
 * Level 8.3 Axes
 + Level 6.1 Armour
 + Level 6.1 Shields


You had 7 spell levels left.
You didn't know any spells.
Your spell library contained the following spells:

 Spells                   Type           Power      Damage    Failure   Level
 Apportation              Tloc           0%         N/A       43%         1
 Necrotise                Necr           0%         1d4       43%         1
 Jinxbite                 Hex            0%         N/A       58%         2
 Static Discharge         Conj/Air       0%         3-3/arc   58%         2
 Vampiric Draining        Necr           0%         2d6       82%         3
 Airstrike                Air            0%         2d(0-16)  99%         4
 Martyr's Knell           Necr/Summ      0%         N/A       99%         4
 Summon Lightning Spire   Summ/Air       0%         N/A       99%         4
 Alistair's Intoxication  Alch           0%         N/A       100%        5
 Curse of Agony           Necr           0%         N/A       100%        5


Dungeon Overview and Level Annotations

Branches:
Dungeon (5/15) Zot: 26293  Temple (1/1) D:4 Zot: 5926 Ossuary (visited)

Altars:
Cheibriados
Elyvilon
Hepliaklqana
Kikubaaqudgha
Makhleb
Qazlal
Sif Muna
Trog
Uskayaw
Vehumet
Zin

Annotations:
D:5 Pikel


Innate Abilities, Weirdness & Mutations

You are a tree.
Your roots penetrate the ground, keeping you stationary.
You cannot be teleported.
You are immune to unholy pain and torment.
Your maximum health is greatly increased.
Your equipment is partially melded.
Your spellcasting is much less encumbered by armour.
You can use scrolls of enchantment on lesser artefacts.


Message History

You closely miss Pikel.
Pikel is heavily wounded.
You hit the lemure. You hit Pikel but do no damage.
Pikel is heavily wounded.
You slash the lemure! The lemure hits you but does no damage.
Pikel hits you but does no damage.
You closely miss Pikel.
Pikel is heavily wounded.
You slash the lemure!
You kill the lemure!
That felt strangely unrewarding.
Pikel hits you but does no damage.
You hit Pikel but do no damage.
Pikel is heavily wounded.
You closely miss the lemure. You block the lemure's attack.
You block Pikel's attack.
You hit Pikel but do no damage.
Pikel is heavily wounded.
You slash the lemure! You barely miss Pikel.
Pikel is heavily wounded.
You closely miss the lemure. The lemure hits you but does no damage.
Pikel zaps a wand.
Your mind is blasted!
* * * LOW HITPOINT WARNING * * *
You hit Pikel.
Pikel is severely wounded.
You barely miss the lemure. The lemure hits you.
* * * LOW HITPOINT WARNING * * *
Pikel hits you but does no damage.
You feel better. The lemure hits you but does no damage.
Pikel zaps a wand.
You struggle to resist.
You closely miss Pikel.
Pikel is severely wounded.
You barely miss the lemure. You barely miss Pikel.
Pikel is severely wounded.
You barely miss the lemure. The lemure hits you but does no damage.
Pikel zaps a wand.
Your mind is blasted!
You die...
Pikel says, "See you in Hell!"

#..# #....
#..# ##.#
#.... #.##
...## #....
#.#######.#...
#....
#.#...........
#....
#.#.#..#......
#....
#.#..#......#
#....
#.#..K#5..#
#....
#.#.#.♣#..#
#....
#.#.....#..
#....
#..$.....#
#####
#.....##....
###...# .#..#
#..#.....#.#
#......#.. #
#.......$##
######.##


You could see Pikel and a lemure.

Vanquished Creatures
  Grinder (D:3)
  2 ogres (D:5)
  A phantom (D:4)
  3 lemures (D:5)
  A scorpion (D:4)
  2 wights (Ossuary)
  A burial acolyte (Ossuary)
  A centaur skeleton (D:3)
  3 hounds
  2 jellies
  A bombardier beetle (D:5)
  An orc priest (D:4)
  2 iguanas
  An orc wizard (D:5)
  3 scorpion zombies
  2 hound zombies
  Robin (D:3)
  A mummy (Ossuary)
  9 adders
  4 adder zombies
  2 dart slugs (D:2)
  13 orcs
  4 bats
  13 endoplasms
  3 giant cockroaches
  16 goblins
  11 hobgoblins
  9 jackals
  8 kobolds
  A quokka (D:1)
  5 ball pythons
  A ball python skeleton (D:3)
  3 ball python zombies (D:3)
  4 frilled lizards
  7 gnoll skeletons (Ossuary)
  A jackal zombie (D:3)
  7 kobold skeletons (Ossuary)
  6 orc skeletons (Ossuary)
  4 rats (D:1)
160 creatures vanquished.

Vanquished Creatures (others)
  An orc wizard (D:5)
1 creature vanquished.

Grand Total: 161 creatures vanquished

Notes
Turn   | Place    | Note
-------+----------+-------------------------------------------
     0 | D:1      | Zeldest the Mountain Dwarf Fighter began the quest for the
                  | Orb.
     0 | D:1      | Reached XP level 1. HP: 19/19 MP: 1/1
    16 | D:1      | You fall into a shaft and drop 1 floor!
    45 | D:2      | Reached skill level 3 in Axes
    45 | D:2      | Reached XP level 2. HP: 26/26 MP: 2/2
   162 | D:2      | Reached XP level 3. HP: 31/31 MP: 3/3
   328 | D:2      | Reached XP level 4. HP: 34/40 MP: 4/4
   413 | D:1      | Reached skill level 4 in Axes
   979 | D:2      | Reached XP level 5. HP: 46/46 MP: 5/5
  1346 | D:3      | Noticed Robin
  1354 | D:3      | Noticed Grinder
  1368 | D:3      | Paralysed by Grinder for 3 turns
  1373 | D:3      | Killed Robin
  1374 | D:3      | Paralysed by Grinder for 5 turns
  1389 | D:3      | Killed Grinder
  1390 | D:3      | Reached skill level 5 in Axes
  1390 | D:3      | Reached XP level 6. HP: 30/53 MP: 6/6
  1502 | D:3      | Found a hide-covered altar of Uskayaw.
  1516 | D:3      | Found a hazy altar of Hepliaklqana.
  2058 | D:4      | Reached skill level 6 in Axes
  2058 | D:4      | Reached XP level 7. HP: 49/60 MP: 7/7
  2129 | D:4      | Reached skill level 5 in Armour
  2252 | D:4      | Reached skill level 5 in Fighting
  2252 | D:4      | Reached skill level 5 in Shields
  2416 | D:4      | Found a staircase to the Ecumenical Temple.
  2496 | Temple   | Entered the Ecumenical Temple
  3061 | D:5      | Entered Level 5 of the Dungeon
  3072 | D:5      | Reached skill level 7 in Axes
  3080 | D:5      | HP: 2/61 [hound (2)]
  3088 | D:5      | Reached XP level 8. HP: 14/69 MP: 8/8
  3359 | D:5      | Found a sand-covered staircase.
  3375 | Ossuary  | Entered an ossuary
  3974 | D:5      | Reached skill level 8 in Axes
  4134 | D:5      | Noticed Pikel
  4171 | D:5      | HP: 2/105 [lemure[Pikel] (5)]
  4174 | D:5      | Blown up by Pikel

Illustrated notes

Levels and vault maps discovered:
D:1:      elethiomel_arrival_shortcut, layout_rooms, minmay_tiny_reverse_x
D:2:      layout_loops_ring, serial_forest, infiniplex_forest_corner_1,
          infiniplex_forest_lined_room_2, infiniplex_forest_3_way,
          infiniplex_forest_lined_4_way, infiniplex_forest_corner_2,
          infiniplex_forest_lined_corner, infiniplex_forest_end_2,
          infiniplex_forest_clump_curved, infiniplex_forest_end_double,
          st_stairs_11, kennysheep_generic_room_10
D:3:      layout_loops_ring, mainiacjoe_overflow_large_starburst, serial_undead,
          serial_undead_d, serial_undead_c, serial_undead_f, serial_undead_f,
          serial_undead_f, serial_undead_c, serial_undead_d, minmay_misc_feat_x,
          dk_noncrumbling_3, uniq_robin, uniq_grinder
D:4:      layout_loops_ring, minmay_temple_entry_mini_moons
D:5:      layout_rooms, nzn_wu_jian_contemplation, general_overflow_altar,
          mainiacjoe_ossuary_entry_find_the_door, hangedman_decor_opposing,
          uniq_sigmund, uniq_pikel
Temple:   kb_temple_of_zot

Skill      XL: |  1  2  3  4  5  6  7  8 |
---------------+-------------------------+-----
Axes           | 3 4 5 6 7 8 |  8.3
Armour         | 4 5 6 |  6.1
Shields        | 4 5 6 |  6.1
Fighting       | 4 5 6 |  6.1

Action                     |  1- 3 |  4- 6 |  7- 9 || total
---------------------------+-------+-------+-------++-------
  Melee: War axe           |    48 |   170 |   264 ||   482
    Use: Potion            |       |     3 |     8 ||    11
         Scroll            |       |       |     3 ||     3
   Stab: Invisible         |       |     2 |       ||     2
 Armour: Scale mail        |    31 |   159 |    93 ||   283
         Chain mail        |       |       |    85 ||    85
         Skin              |       |       |    15 ||    15
  Dodge: Dodged            |    23 |   100 |   101 ||   224
  Block: Buckler           |    10 |    27 |    47 ||    84

Table legend: (Time is in decaauts)
 A = Elapsed time spent in this place.
 B = Non-inter-level travel time spent in this place.
 C = Inter-level travel time spent in this place.
 D = Time resting spent in this place.
 E = Time spent auto-exploring this place.
 F = Levels seen in this place.
 G = Mean time per level.
                   A        B        C        D        E       F      G
               +--------+--------+--------+--------+--------+-----+--------+
         Total |   4262 |   4007 |    255 |    907 |   1982 |   7 |  608.9 |
       Dungeon |   3705 |   3478 |    227 |    668 |   1888 |   5 |  741.0 |
        Temple |     73 |     45 |     28 |      0 |      0 |   1 |   73.0 |
       Ossuary |    483 |    483 |      0 |    239 |     94 |   1 |  483.0 |
               +--------+--------+--------+--------+--------+-----+--------+

Top non-repeatable levels by time:
     D:4: 913 daAuts
     D:2: 807 daAuts
     D:3: 782 daAuts
     D:5: 627 daAuts
     D:1: 575 daAuts
 Ossuary: 483 daAuts
  Temple: 73 daAuts
